 Dungeon Crawl Stone Soup version 0.31-a0-210-gccc998df9b (webtiles) character file.

Game seed: 3773650935276669472

44 Anon1729 the Trooper (level 3, -1/33 HPs)
             Began as a Minotaur Monk on June 30, 2023.
             Slain by a gnoll
             ... wielding a +0 spear
              (3 damage)
             ... on level 2 of the Dungeon.
             The game lasted 00:00:35 (1228 turns).

Anon1729 the Trooper (Minotaur Monk)                Turns: 1228, Time: 00:00:36

Health: -1/33      AC:  4    Str: 15    XL:     3   Next: 39%
Magic:  2/2        EV: 13    Int:  7    God:
Gold:   30         SH:  0    Dex: 14    Spells: 2/2 levels left

rFire   + . .        a - +1 short sword (venom)
rCold   + . .        d - orb {light}
rNeg    . . .        j - +2 robe {rC+ rF+}
rPois   .            (helmet restricted)
rElec   .            (no cloak)
rCorr   .            (no gloves)
SInv    .            (no boots)
Will    .....        (no amulet)
Stlth   +            (no ring)
HPRegen 0.25/turn    (no ring)
MPRegen 0.08/turn

%: no passive effects
@: glowing
A: horns 2, retaliatory headbutt
a: no special abilities


You were on level 2 of the Dungeon.
You visited 1 branch of the dungeon, and saw 2 of its levels.

You collected 30 gold pieces.

Inventory:

Hand Weapons
 a - a +1 short sword of venom (weapon)
 k - a +0 short sword
Missiles
 l - 6 datura-tipped darts
Armour
 b - a +0 robe
 d - an orb of light (worn)
 e - a +0 plate armour
 j - a +2 robe of resistance (worn)
Scrolls
 f - a scroll of silence {unknown}
 g - a scroll of revelation {unknown}
 h - a scroll of immolation {unknown}
Potions
 c - a potion of ambrosia
 i - 2 potions of lignification {unknown}


   Skills:
 + Level 4.0 Fighting
 + Level 3.7 Short Blades
 + Level 1.4 Armour
 + Level 3.6 Dodging
 + Level 1.1 Invocations


You had 2 spell levels left.
You didn't know any spells.
Your spell library was empty.

Dungeon Overview and Level Annotations

Branches:
Dungeon (2/15)

Altars:


Innate Abilities, Weirdness & Mutations

You have a pair of horns on your head.
You reflexively headbutt those who attack you in melee.


Message History

The gnoll is almost dead.
You kill the gnoll!
The gnoll closely misses you.
Your Fighting skill increases to level 4!
Your Invocations skill increases to level 1!
You have reached level 3!
Your experience leads to an increase in your attributes!
Increase (S)trength, (I)ntelligence, or (D)exterity?
You feel agile. x2
The gnoll hits you but does no damage.
Things that are here:
a +0 club; a gnoll corpse You barely miss the gnoll.
You hit the gnoll.
The gnoll is poisoned.
The gnoll is moderately wounded.
The gnoll closely misses you. x2
You hit the gnoll but do no damage.
The gnoll looks as sick as possible!
The gnoll is moderately wounded.
You hit the gnoll but do no damage.
The gnoll looks as sick as possible!
Your headbutt misses the gnoll.
The gnoll is moderately wounded.
The gnoll hits you with a +0 spear! The gnoll misses you.
You hit the gnoll.
The gnoll is severely wounded.
The gnoll hits you with a +0 club. The gnoll misses you.
You hit the gnoll.
You kill the gnoll!
The gnoll hits you with a +0 spear.
You are too injured to fight recklessly!
You are too injured to fight recklessly!
You are too injured to fight recklessly!
You hit the gnoll but do no damage.
The gnoll is poisoned.
You headbutt the gnoll.
The gnoll is moderately wounded.
The gnoll hits you with a +0 spear.
* * * LOW HITPOINT WARNING * * *
The worm bites you.
* * * LOW HITPOINT WARNING * * *
The gnoll hits you from afar with a +0 spear.
You die...

... #.# #.# #.#
#.# # #.# ##
#.#.# .#
.##.#.#@###.#
......w)....#
###.#.#g##.$...#
#.#.##.....# #
#.#......#
#.##....##
#.##....#
#.##....#
#.##....#


You could see a worm and a gnoll (very poisoned).

Vanquished Creatures
  2 gnolls (D:2)
  A dart slug (D:2)
  3 endoplasms (D:1)
  A goblin (D:1)
  2 hobgoblins (D:1)
  4 ball pythons
  5 bats
  A frilled lizard (D:2)
  A kobold (D:1)
  3 rats
23 creatures vanquished.

Notes
Turn   | Place    | Note
-------+----------+-------------------------------------------
     0 | D:1      | Anon1729 the Minotaur Monk began the quest for the Orb.
     0 | D:1      | Reached XP level 1. HP: 19/19 MP: 0/0
   166 | D:1      | Reached XP level 2. HP: 27/27 MP: 1/1
   469 | D:1      | Found a faded altar of an unknown god.
   607 | D:1      | Reached skill level 1 in Armour
  1220 | D:2      | Reached skill level 4 in Fighting
  1220 | D:2      | Reached skill level 1 in Invocations
  1220 | D:2      | Reached XP level 3. HP: 27/33 MP: 2/2
  1228 | D:2      | Slain by a gnoll

Illustrated notes

Levels and vault maps discovered:
D:1:      dpeg_arrival_tiny_d, layout_loops_corners,
          shapermc_ecumenical_altar_acropolis, st_stairs_9, minmay_octomino_e4
D:2:      layout_basic, basic_altar, corexii_corridor_pit

Skill      XL: |  1  2 |
---------------+-------+-----
Armour         | 1 |  1.4
Fighting       | 4 |  4.0
Invocations    | 1 |  1.1
Short Blades   | |  3.7
Dodging        | |  3.6

Action                     || total
---------------------------++-------
  Melee: Short sword       ||    54
         Headbutt          ||    12
 Armour: Robe              ||     7
         Plate armour      ||    13
  Dodge: Dodged            ||    33

Table legend: (Time is in decaauts)
 A = Elapsed time spent in this place.
 B = Non-inter-level travel time spent in this place.
 C = Inter-level travel time spent in this place.
 D = Time resting spent in this place.
 E = Time spent auto-exploring this place.
 F = Levels seen in this place.
 G = Mean time per level.
                   A        B        C        D        E       F      G
               +--------+--------+--------+--------+--------+-----+--------+
         Total |   1218 |   1080 |    138 |      0 |    936 |   2 |  609.0 |
       Dungeon |   1218 |   1080 |    138 |      0 |    936 |   2 |  609.0 |
               +--------+--------+--------+--------+--------+-----+--------+

Top non-repeatable levels by time:
     D:1: 1121 daAuts
     D:2: 97 daAuts
